 Dungeon Crawl Stone Soup version 0.30-a0-629-gd54f4be4f7 (webtiles) character file.

Game seed: 14203040341815626915

1889 Newt the Dealer of Despair (level 8, -7/67 HPs)
             Began as a Demonspawn Gladiator on Jan 12, 2023.
             Was an Elder of Kikubaaqudgha.
             Mangled by an ice beast (11 damage)
             ... summoned by acebull12's ghost
             ... on level 5 of the Dungeon.
             The game lasted 00:08:24 (6387 turns).

Newt the Dealer of Despair (Demonspawn Gladiator)   Turns: 6387, Time: 00:08:25

Health: -7/67      AC:  4    Str: 15    XL:     8   Next: 92%
Magic:  7/19       EV: 18    Int: 13    God:    Kikubaaqudgha [****..]
Gold:   365        SH:  0    Dex: 15    Spells: 9/22 levels left

rFire   . . .      SeeInvis .    s - +2 spear (heavy)
rCold   . . .      Faith    +    (no shield)
rNeg    . . .      Spirit   .    b - +0 leather armour
rPois   .          Reflect  .    c - +0 helmet
rElec   .          Harm     .    (no cloak)
rCorr   .          Rampage  .    (no gloves)
Will    .....                    (no boots)
Stlth   ++                       y - amulet of faith
HPRegen 0.31/turn                k - +5 ring of evasion
MPRegen 0.16/turn                (no ring)

@: death channelling, animating dead, slowed, very slow
A: foul stench 1, spiny 1, big brain 1, weakness stinger 2
a: Renounce Religion, Unearth Wretches


You were on level 5 of the Dungeon.
You worshipped Kikubaaqudgha.
Kikubaaqudgha was greatly pleased with you.
You visited 1 branch of the dungeon, and saw 5 of its levels.
You also visited: Sewer.

You collected 365 gold pieces.

Inventory:

Hand Weapons
 a - a +1 spectral rapier
 s - a +2 heavy spear (weapon)
Missiles
 d - 4 throwing nets
 e - a javelin
 h - 51 poisoned darts
Armour
 b - a +0 leather armour (worn)
 c - a +0 helmet (worn)
Jewellery
 k - a +5 ring of evasion (left hand)
 y - an amulet of faith (around neck)
 A - a ring of see invisible
Wands
 t - a wand of polymorph (7)
Scrolls
 f - a scroll of brand weapon
 g - 4 scrolls of teleportation
 p - a scroll of noise
 x - 2 scrolls of identify
 z - a scroll of immolation {unknown}
Potions
 j - 2 potions of lignification
 l - a potion of resistance
 m - 3 potions of invisibility
 n - a potion of brilliance
 o - a potion of might {unknown}
 q - a potion of attraction {unknown}
 r - a potion of haste {unknown}
 u - a potion of cancellation {unknown}
 v - a potion of curing
 w - 2 potions of mutation {unknown}


   Skills:
 - Level 7.4 Fighting
 - Level 2.6 Short Blades
 + Level 2.2 Polearms
 - Level 1.7 Throwing
 - Level 5.0 Dodging
 - Level 3.0 Stealth
 - Level 7.7 Spellcasting
 - Level 8.6 Necromancy


You had 9 spell levels left.
You knew the following spells:

 Your Spells              Type           Power      Damage    Failure   Level
a - Animate Dead          Necr           27%        N/A       4%          4
b - Vampiric Draining     Necr           27%        2d7       1%          3
c - Death Channel         Necr           13%        N/A       61%         6

Your spell library contained the following spells:

 Spells                   Type           Power      Damage    Failure   Level
 Necrotise                Necr           100%       1d9       1%          1
 Sublimation of Blood     Necr           27%        N/A       1%          2
 Agony                    Necr           27%        N/A       14%         5
 Sting                    Tmut/Pois      20%        1d4       17%         1
 Poisonous Vapours        Pois/Air       10%        N/A       26%         2
 Anguish                  Hex/Necr       8%         N/A       30%         4
 Dazzling Flash           Conj/Hex       10%        N/A       45%         3
 Portal Projectile        Hex/Tloc       10%        N/A       45%         3
 Tukima's Dance           Hex            5%         N/A       45%         3
 Borgnjor's Vile Clutch   Necr/Erth      8%         N/A       63%         5
 Olgreb's Toxic Radiance  Pois           5%         N/A       86%         4
 Blade Hands              Tmut           2%         N/A       99%         5
 Silence                  Hex/Air        2%         N/A       99%         5
 Simulacrum               Ice/Necr       8%         N/A       99%         6


Dungeon Overview and Level Annotations

Branches:
Dungeon (5/15)             Temple (0/1) D:5           Sewer (visited)

Altars:
Gozag
Kikubaaqudgha
Okawaru
Uskayaw

Shops:
D:1 (

Annotations:
D:5 acebull12's ghost, novice DjIE


Innate Abilities, Weirdness & Mutations

You may rarely emit foul miasma when damaged in melee.
You are partially covered in sharp spines.
You have an unusually large brain. (Int +2)
You have a tail ending in a sharp stinger.


Message History

* * * LOW HITPOINT WARNING * * *
Your kobold zombie hits the kobold brigand but does no damage.
You feel better.
Your spectral kobold hits the kobold brigand but does no damage.
Your spectral kobold barely misses the ice beast.
The ice beast hits your kobold zombie.
Your kobold zombie is destroyed!
The kobold brigand hits your spectral kobold with a +2 short sword of distortion.
Space warps around your spectral kobold.
Your spectral kobold is destroyed!
Acebull12's ghost casts a spell.
Your spectral kobold hits the ice beast but does no damage.
You hit acebull12's ghost.
You punch acebull12's ghost, but do no damage.
Acebull12's ghost is heavily damaged.
Acebull12's ghost is struck by your spines.
Acebull12's ghost hits you but does no damage.
Your spectral kobold barely misses the ice beast.
The ice beast is struck by your spines. The ice beast misses you.
Acebull12's ghost points at you and mumbles some strange words.
You feel as though you will be slow longer.
Your spectral kobold closely misses the kobold brigand.
The ice beast is struck by your spines. The ice beast completely misses you.
Acebull12's ghost is struck by your spines.
Acebull12's ghost hits you.
* * * LOW HITPOINT WARNING * * *
You miss acebull12's ghost.
Acebull12's ghost is severely damaged.
Your spectral kobold closely misses the kobold brigand.
The ice beast is struck by your spines. The ice beast completely misses you.
Acebull12's ghost is struck by your spines.
Acebull12's ghost hits you.
* * * LOW HITPOINT WARNING * * *
The kobold brigand hits your spectral kobold with a +2 short sword of distortion.
Your spectral kobold is destroyed!
The ice beast hits you.
* * * LOW HITPOINT WARNING * * *
The ice beast freezes you!
You die...
Kikubaaqudgha rasps: "You have failed me!
Welcome... death!"

#.#.# ######.#.# #.
#...##### #.#.# #.
#..##.8.## #.#.# #.
#[.#...K.# #.#.###.
#..'.###..##.#.#...
#)KK......#....#...
##YY.###.?##.######
#W#.....##........
#@##.8.##.#.......
#.Y#####..#......#
#### #....#.####.#
#....#.# #.#
####+#.## #.#
#.......# #..
#.......# #..
#.......# #..
#######...[...# #..


You could see 3 ice beasts, a kobold brigand (unaware), acebull12's ghost and a
kobold.

Vanquished Creatures
  Grinder (D:3)
  An ice beast (D:5)
  An ogre (D:5)
  A phantom (D:4)
  7 kobold brigands (Sewer)
  A necrophage (D:5)
  A jelly (D:5)
  2 hounds (D:5)
  3 orc wizards
  Terence (D:3)
  Natasha (thrice) (D:3)
  An iguana (D:4)
  A gnoll (D:4)
  2 river rats (D:3)
  14 adders
  A shadow imp (D:4)
  A white imp (D:4)
  4 worms
  A dart slug (D:2)
  11 orcs
  9 ball pythons
  7 bats
  3 bat zombies (D:4)
  9 endoplasms
  A giant cockroach (D:3)
  7 goblins
  3 hobgoblins
  4 jackals (D:2)
  3 quokkas
  7 frilled lizards
  A goblin skeleton (D:4)
  A goblin zombie (D:4)
  5 hobgoblin zombies (D:4)
  13 kobolds
  3 kobold skeletons (D:4)
  3 kobold zombies (D:4)
  10 rats
  2 rat zombies (D:4)
149 creatures vanquished.

Vanquished Creatures (collateral kills)
  A ball python (Sewer)
1 creature vanquished.

Vanquished Creatures (others)
  An adder zombie (D:3)
  A bat zombie (D:3)
  5 kobold zombies (D:5)
  3 fungi (D:5)
  A plant (D:5)
11 creatures vanquished.

Grand Total: 161 creatures vanquished

Notes
Turn   | Place    | Note
-------+----------+-------------------------------------------
     0 | D:1      | Newt the Demonspawn Gladiator began the quest for the Orb.
     0 | D:1      | Reached XP level 1. HP: 16/16 MP: 1/1
   149 | D:1      | Found a faded altar of an unknown god.
   159 | D:1      | Prayed at the altar of an unknown god.
   159 | D:1      | Became a worshipper of Kikubaaqudgha
   159 | D:1      | Reached * piety under Kikubaaqudgha
   159 | D:1      | Received a gift from Kikubaaqudgha
   167 | D:1      | Reached skill level 1 in Stealth
   362 | D:1      | Found Wuacucw's Weapon Shoppe.
   514 | D:1      | Gained mutation: You have a small tail. [demonic ancestry]
   514 | D:1      | Reached XP level 2. HP: 18/22 MP: 2/2
  1135 | D:2      | Gained mutation: You have an unusually large brain. (Int
                  | +2) [demonic ancestry]
  1135 | D:2      | Reached XP level 3. HP: 19/27 MP: 3/3
  1396 | D:2      | Reached ** piety under Kikubaaqudgha
  1416 | D:2      | Reached skill level 1 in Spellcasting
  1701 | D:3      | Noticed Terence
  1708 | D:3      | Killed Terence
  1709 | D:3      | Reached XP level 4. HP: 25/33 MP: 5/7
  1801 | D:3      | Found an opulent altar of Gozag.
  1832 | D:3      | Gained mutation: You may rarely emit foul miasma when
                  | damaged in melee. [demonic ancestry]
  1832 | D:3      | Reached XP level 5. HP: 37/38 MP: 9/9
  1850 | D:3      | Noticed Natasha
  1856 | D:3      | Found a glowing drain.
  1868 | D:3      | Killed Natasha
  1895 | Sewer    | Entered a sewer
  2135 | Sewer    | Reached skill level 2 in Necromancy
  2135 | Sewer    | Reached XP level 6. HP: 23/44 MP: 10/12
  2140 | Sewer    | Learned a level 4 spell: Animate Dead
  2235 | Sewer    | Reached skill level 3 in Necromancy
  2238 | Sewer    | Reached skill level 8 in Necromancy
  2238 | Sewer    | Gained mutation: You have a tail ending in a sharp stinger.
                  | [demonic ancestry]
  2238 | Sewer    | Reached XP level 7. HP: 50/60 MP: 13/18
  2329 | Sewer    | Reached *** piety under Kikubaaqudgha
  2329 | Sewer    | Received a gift from Kikubaaqudgha
  3399 | Sewer    | Gained mutation: You are partially covered in sharp spines.
                  | [demonic ancestry]
  3399 | Sewer    | Reached XP level 8. HP: 53/67 MP: 19/19
  4083 | D:3      | Noticed Natasha
  4090 | D:3      | Killed Natasha
  4121 | D:3      | Noticed Natasha
  4202 | D:3      | Killed Natasha
  4295 | D:3      | Noticed Grinder
  4308 | D:3      | Killed Grinder
  4316 | D:3      | Learned a level 3 spell: Vampiric Draining
  4323 | D:3      | Learned a level 6 spell: Death Channel
  4593 | D:4      | Found a hide-covered altar of Uskayaw.
  4651 | D:4      | Reached **** piety under Kikubaaqudgha
  4660 | D:4      | Found an ancient bone altar of Kikubaaqudgha.
  5376 | D:5      | Entered Level 5 of the Dungeon
  5398 | D:5      | Found a staircase to the Ecumenical Temple.
  5428 | D:5      | Reached skill level 5 in Dodging
  5469 | D:5      | Reached skill level 1 in Polearms
  5678 | D:5      | Found an iron altar of Okawaru.
  5936 | D:5      | Found a runed translucent gate.
  5937 | D:5      | Found a runed translucent gate.
  5937 | D:5      | Noticed acebull12's ghost (novice DjIE)
  5938 | D:5      | Found a runed translucent gate.
  6383 | D:5      | HP: 1/67 [acebull12's ghost (10)]
  6387 | D:5      | Mangled by an ice beast

Illustrated notes

Levels and vault maps discovered:
D:1:      dpeg_arrival_refuge, layout_basic, basic_ecumenical_altar,
          serial_shops, shop
D:2:      layout_rooms, minmay_lizard_pond
D:3:      layout_rooms, grunt_gozag_statues, serial_glass, glass_columns_b,
          glass_columns_b, glass_columns_a, glass_columns_a, glass_columns_a,
          glass_columns_a, glass_columns_c, glass_columns_c,
          portal_sewer_entry_c, dreamdust_princess_bridge,
          kennysheep_generic_room_8, uniq_terence, uniq_natasha, uniq_grinder
D:4:      cheibrodos_old_hovel, layout_basic, lemuel_zombie_altar_kikubaaqudgha,
          nicolae_tso_besieged_by_evil, kennysheep_mini_moat
D:5:      layout_basic, lemuel_tele_altar, minmay_temple_entry_arrows,
          gammafunk_ghost_nasty_kobolds

Skill      XL: |  1  2  3  4  5  6  7  8 |
---------------+-------------------------+-----
Stealth        | 1 2 3 |  3.0
Spellcasting   | 2 3 4 7 |  7.7
Necromancy     | 2 8 |  8.6
Fighting       | 7 |  7.4
Dodging        | 3 5 |  5.0
Polearms       | 2 |  2.2
Short Blades   | |  2.6
Throwing       | |  1.7

Action                   |  1- 3 |  4- 6 |  7- 9 || total
-------------------------+-------+-------+-------++-------
Melee: Rapier            |   132 |    71 |   147 ||   350
       Tailslap          |    12 |    11 |    27 ||    50
       Punch             |     2 |       |     1 ||     3
       Spear             |       |       |    53 ||    53
       Unarmed           |       |       |    13 ||    13
Throw: Javelin           |       |       |     1 ||     1
       Dart              |       |       |     2 ||     2
 Cast: Animate Dead      |       |       |    11 ||    11
       Death Channel     |       |       |     1 ||     1
  Use: Scroll            |     7 |       |     5 ||    12
       Potion            |       |     2 |     3 ||     5
 Stab: Sleeping          |     4 |       |     6 ||    10
Armor: Leather armour    |    22 |     8 |    27 ||    57
Dodge: Dodged            |    96 |    49 |   138 ||   283

Table legend: (Time is in decaauts)
 A = Elapsed time spent in this place.
 B = Non-inter-level travel time spent in this place.
 C = Inter-level travel time spent in this place.
 D = Time resting spent in this place.
 E = Time spent auto-exploring this place.
 F = Levels seen in this place.
 G = Mean time per level.
                   A        B        C        D        E       F      G
               +--------+--------+--------+--------+--------+-----+--------+
         Total |   6622 |   6518 |    104 |   1149 |   4045 |   6 | 1103.7 |
       Dungeon |   4495 |   4391 |    104 |    292 |   3162 |   5 |  899.0 |
         Sewer |   2126 |   2126 |      0 |    857 |    883 |   1 | 2126.0 |
               +--------+--------+--------+--------+--------+-----+--------+

Top non-repeatable levels by time:
   Sewer: 2126 daAuts
     D:1: 1060 daAuts
     D:5: 1033 daAuts
     D:4: 957 daAuts
     D:3: 801 daAuts
     D:2: 642 daAuts
